 Dungeon Crawl Stone Soup version 0.23.0 (webtiles) character file.

Game seed: 16523991149377935290

3691 vishdafish the Grappler (level 9, -7/88 HPs)
             Began as a Troll Skald on Feb 16, 2019.
             Was a Priest of Yredelemnul.
             Mangled by a porcupine (10 damage)
             ... on level 8 of the Dungeon.
             The game lasted 00:14:17 (6067 turns).

vishdafish the Grappler (Troll Skald)               Turns: 6067, Time: 00:14:20

Health: -7/88      AC:  9    Str: 21    XL:     9   Next: 90%
Magic:  7/13       EV: 11    Int: 12    God:    Yredelemnul [***...]
Gold:   478        SH:  0    Dex:  9    Spells: 14/15 levels left

rFire    + . .     SeeInvis .     - Unarmed
rCold    . . .     Gourm    +   (no shield)
rNeg     . . .     Faith    +   d - +2 robe {rF+}
rPois    +         Spirit   .   (helmet restricted)
rElec    .         Reflect  .   g - +0 cloak
rCorr    .         Harm     .   (gloves unavailable)
MR       .....     Rnd*Tele +   (boots unavailable)
Stlth    +.........             B - amulet of faith
HPRegen  0.64/turn              q - ring of poison resistance
MPRegen  0.13/turn              v - ring of teleportation

@: about to teleport
A: large, unfitting armour, claws 3, fast metabolism 3, gourmand, regeneration
1, shaggy fur 1, tough skin 3
a: Recall Undead Slaves, Injury Mirror, Animate Dead, Renounce Religion


You were on level 8 of the Dungeon.
You worshipped Yredelemnul.
Yredelemnul was most pleased with you.
You were not hungry.

You visited 1 branch of the dungeon, and saw 8 of its levels.
You also visited: Sewer and Ossuary.

You collected 478 gold pieces.

Inventory:

Armour
 a - a +0 robe
 d - a +2 robe of fire resistance (worn)
 g - a +0 cloak (worn)
 t - a +0 shield
Jewellery
 b - an uncursed ring of ice
 q - a ring of poison resistance (left claw)
 r - the amulet of Vitality {Regen+ HP+15}
   (You found it on level 4 of the Dungeon)

   [amulet of regeneration]

   It affects your health (+15).
   It increases your rate of regeneration.
 v - a ring of teleportation (right claw)
 B - an amulet of faith (around neck)
Wands
 p - a wand of flame (5)
 C - a wand of random effects (11)
Scrolls
 e - 4 scrolls of immolation
 f - 3 scrolls of teleportation
 h - a scroll of remove curse
 j - 2 scrolls of noise
 k - 5 scrolls of fog
 n - a scroll of amnesia
 x - a scroll of magic mapping
Potions
 i - 3 potions of agility
 l - 5 potions of flight
 m - 2 potions of haste {unknown}
 o - a potion of brilliance {unknown}
 s - 3 potions of curing
 u - 2 potions of might
 w - 14 potions of degeneration {unknown}
 z - a potion of ambrosia {unknown}
 A - a potion of berserk rage {unknown}
Comestibles
 c - 9 rations


   Skills:
 + Level 5.1 Fighting
 + Level 5.3 Dodging
 * Level 8.9 Unarmed Combat
 - Level 3.6 Spellcasting
 - Level 3.2 Charms
 * Level 2.8 Invocations


You had 14 spell levels left.
You knew the following spells:

 Your Spells              Type           Power        Failure   Level  Hunger
a - Infusion              Chrm           ##..         6%          1    #......

Your spell library contained the following spells:

 Spells                   Type           Power        Failure   Level  Hunger
 Song of Slaying          Chrm           ##......     9%          2    ##.....
 Shroud of Golubria       Chrm/Tloc      #.........   19%         2    ##.....
 Summon Small Mammal      Summ           #...         24%         1    #......
 Call Imp                 Summ           #.......     34%         2    ##.....
 Regeneration             Chrm/Necr      #.........   34%         3    ###....
 Spectral Weapon          Hex/Chrm       #.......     34%         3    ###....
 Call Canine Familiar     Summ           #.......     56%         3    ###....
 Summon Guardian Golem    Hex/Summ       #.......     56%         3    ###....
 Summon Ice Beast         Ice/Summ       #.......     93%         4    #####..
 Summon Lightning Spire   Summ/Air       #.......     93%         4    #####..
 Silence                  Hex/Air        #.........   100%        5    ######.
 Conjure Ball Lightning   Conj/Air       #.........   100%        6    #######
 Deflect Missiles         Chrm/Air       #.........   100%        6    #######
 Tornado                  Air            #.........   100%        9    #######


Dungeon Overview and Level Annotations

Branches:
Dungeon (8/15)             Temple (0/1) D:5            Lair (0/6) D:8

Altars:
Ashenzari
Cheibriados
Gozag
Hepliaklqana
Makhleb
Nemelex Xobeh
Okawaru
Qazlal
Sif Muna
Vehumet
Xom
Yredelemnul

Shops:
D:6 }   D:7 *


Innate Abilities, Weirdness & Mutations

You are too large for most types of armour.
You have claws for hands.
Your metabolism is lightning-fast.
You like to eat raw meat.
Your natural rate of healing is unusually fast.
You are covered in fur. (AC +1)
You have extremely tough skin. (AC +3)


Message History

The porcupine closely misses you.
A wight comes into view. It is wielding a +3 dagger.
Okay, then.
Okay, then.
Okay, then.
Okay, then.
Okay, then.
As you read the scroll of teleportation, it crumbles to dust.
You feel strangely unstable.
The porcupine bites you but does no damage.
The wight moves out of view.
Okay, then.
You feel better.
The two-headed ogre hits you with a +0 dire flail!
* * * LOW HITPOINT WARNING * * *
The two-headed ogre hits you with a +0 giant club.
* * * LOW HITPOINT WARNING * * *
The porcupine bites you!
You die...
Your body rises from the dead as a mindless zombie.

*,,,,,,,,*****,,,,,*,,
#?.......####*,,,,,*,,
#............,,,,,**,,
#s...........,,,,,**,,
##..........>.,,,,,,,,,
#<............,***,,,,,
*#............,***,,,,,
*#...O.......,,,,,,,,,
**#.@H......,,,,,,,,,
**###rz.####,,,,,,,,,
*,,,zz.....#,,,,,,,,,
*,,,,......#,,,,,,,,,
*,,,,......#,,,,,,,,,
*,,,,......#,,,,,,,,,
*,,,,......#,,,,,,,,,
*,,,,......#,,,,****,
*,,,,,,,,,,*,,,,* *,


You could see a two-headed ogre, a hippogriff, a scorpion, a porcupine and 2
wights.

Vanquished Creatures
  Grinder (D:3)
  A hippogriff (D:8)
  Sigmund (D:3)
  An ice beast (D:7)
  2 orc warriors
  Purgy (Sewer)
  A phantom (D:2)
  2 black bears
  3 ogres
  Blork the orc (D:5)
  6 bullfrogs
  A scorpion (D:6)
  3 killer bees (D:7)
  4 wights (D:7)
  5 howler monkeys
  2 crimson imps
  3 hounds (D:6)
  2 jellies (D:7)
  A human zombie (Ossuary)
  6 orc wizards
  7 orc priests
  Ijyb (D:4)
  A hell rat (D:8)
  2 iguanas (D:4)
  A statue (D:7)
  8 worker ants
  A killer bee zombie (D:6)
  2 big kobold zombies (Ossuary)
  2 hound zombies (D:7)
  A hound skeleton (D:4)
  4 mummies (Ossuary)
  7 adders
  A howler monkey skeleton (D:6)
  A shadow imp (D:7)
  2 oozes
  2 adder skeletons (D:6)
  2 worms (D:3)
  5 leopard geckos
  23 orcs
  11 bats
  4 giant cockroaches
  2 gnoll zombies (Ossuary)
  5 goblins
  3 hobgoblins
  3 jackals (D:7)
  9 kobolds
  4 quokkas
  2 ball pythons
  10 frilled lizards
  A kobold zombie (Ossuary)
  2 orc zombies (Ossuary)
  A quokka zombie (D:7)
  5 rats
182 creatures vanquished.

Notes
Turn   | Place    | Note
-------+----------+-------------------------------------------
     0 | D:1      | vishdafish the Troll Skald began the quest for the Orb.
     0 | D:1      | Reached XP level 1. HP: 19/19 MP: 1/1
   174 | D:1      | Reached XP level 2. HP: 28/28 MP: 3/3
   717 | D:2      | Noticed a phantom
   739 | D:2      | Killed a phantom
   739 | D:2      | Reached skill level 3 in Unarmed Combat
   739 | D:2      | Reached XP level 3. HP: 20/35 MP: 4/4
   739 | D:2      | Reached XP level 4. HP: 24/42 MP: 5/5
  1095 | D:2      | Found a basalt altar of Yredelemnul.
  1322 | D:2      | Became a worshipper of Yredelemnul the Dark
  1530 | D:3      | Noticed Sigmund
  1546 | D:3      | Killed Sigmund
  1546 | D:3      | Reached skill level 4 in Unarmed Combat
  1546 | D:3      | Reached XP level 5. HP: 36/50 MP: 5/7
  1546 | D:3      | Reached XP level 6. HP: 42/59 MP: 5/8
  1574 | D:3      | Noticed Grinder
  1589 | D:3      | Paralysed by Grinder for 4 turns
  1605 | D:3      | Killed Grinder
  1618 | D:3      | Reached XP level 7. HP: 41/66 MP: 9/9
  1639 | D:3      | Found a glowing drain.
  1655 | Sewer    | Entered a sewer
  1674 | Sewer    | Noticed Purgy
  1688 | Sewer    | Killed Purgy
  1688 | Sewer    | Reached * piety under Yredelemnul
  1688 | Sewer    | Reached skill level 5 in Unarmed Combat
  2443 | D:4      | Found a sparkling altar of Nemelex Xobeh.
  2559 | D:4      | Reached ** piety under Yredelemnul
  2565 | D:4      | Found a snail-covered altar of Cheibriados.
  2629 | D:4      | Reached XP level 8. HP: 55/75 MP: 10/10
  2672 | D:4      | Noticed Ijyb
  2684 | D:4      | Killed Ijyb
  2728 | D:4      | Found the amulet of Vitality {Regen+ HP+15}
  2923 | D:4      | Reached skill level 6 in Unarmed Combat
  3408 | D:5      | Entered Level 5 of the Dungeon
  3427 | D:5      | Noticed Blork the orc
  3443 | D:5      | Killed Blork the orc
  3569 | D:5      | Found a burning altar of Makhleb.
  3693 | D:5      | Found a sparkling altar of Nemelex Xobeh.
  3743 | D:5      | Found a staircase to the Ecumenical Temple.
  3908 | D:6      | Found Urut's Gadget Shop.
  3916 | D:6      | Found a shattered altar of Ashenzari.
  3952 | D:6      | Found a stormy altar of Qazlal.
  4017 | D:6      | Found a hazy altar of Hepliaklqana.
  4333 | D:6      | Reached skill level 7 in Unarmed Combat
  4595 | D:7      | Reached XP level 9. HP: 55/84 MP: 12/12
  4621 | D:7      | Found an opulent altar of Gozag.
  4621 | D:7      | Found Gozag's Platinum Reserve.
  4811 | D:7      | Found a radiant altar of Vehumet.
  4835 | D:7      | Reached *** piety under Yredelemnul
  4883 | D:7      | Found a shimmering altar of Xom.
  4926 | D:7      | Reached skill level 8 in Unarmed Combat
  5041 | D:7      | Found an iron altar of Okawaru.
  5205 | D:7      | Reached skill level 5 in Dodging
  5209 | D:7      | Reached skill level 1 in Invocations
  5374 | D:7      | Found a deep blue altar of Sif Muna.
  5680 | D:8      | Noticed a death yak
  5765 | D:8      | Reached skill level 5 in Fighting
  5779 | D:8      | Found a sand-covered staircase.
  5789 | Ossuary  | Entered an ossuary
  6060 | D:8      | Reached **** piety under Yredelemnul
  6064 | D:8      | Noticed a two-headed ogre
  6067 | D:8      | HP: 3/88 [two-headed ogre/+0 dire flail (4)]
  6067 | D:8      | Mangled by a porcupine

Skill      XL: |  1  2  3  4  5  6  7  8  9 |
---------------+----------------------------+-----
Dodging        | 2 3 4 5 |  5.3
Fighting       | 2 3 4 5 |  5.1
Unarmed Combat | 3 4 5 7 8 |  8.9
Spellcasting   | 2 3 |  3.6
Charms         | 3 |  3.2
Invocations    | 2 |  2.8

Action                   |  1- 3 |  4- 6 |  7- 9 || total
-------------------------+-------+-------+-------++-------
Melee: Unarmed           |    62 |   101 |   506 ||   669
       Punch             |       |     2 |    11 ||    13
Invok: Drain Life        |       |       |     1 ||     1
Evoke: Wand              |       |       |     5 ||     5
  Use: Scroll            |       |     3 |    13 ||    16
       Potion            |       |     1 |     3 ||     4
  Eat: Ration            |     1 |     1 |     5 ||     7
       Chunk             |       |    10 |    20 ||    30
Armor: Robe              |    35 |    26 |   207 ||   268
Dodge: Dodged            |    53 |    44 |   246 ||   343
